 Dungeon Crawl Stone Soup version 0.16-a0-3963-gf3423b3 (console) character file.

133 MarvinPA the Skirmisher (level 4, -1/38 HPs)
             Began as a Mummy Artificer on Feb 10, 2015.
             Slain by an adder zombie (3 damage)
             ... on level 5 of the Dungeon.
             The game lasted 00:05:44 (4012 turns).

MarvinPA the Skirmisher (Mummy Artificer)           Turns: 4012, Time: 00:05:45

Health: -1/38      AC:  0    Str: 15    XL:     4   Next: 94%
Magic:  5/5        EV: 11    Int: 11    God:
Gold:   145        SH:  0    Dex: 12    Spells: 0 memorised, 3 levels left

rFire  x . .     SeeInvis .     a - +2 dagger (venom)
rCold  + . .     Clarity  .     e - +0 leather armour
rNeg   + + +     SustAb   .     (no shield)
rPois  ∞         Gourm    .     (no helmet)
rElec  .         Spirit   .     (no cloak)
rCorr  .         Warding  .     (no gloves)
rMut   .         Stasis   .     (no boots)
MR     .....                    (no amulet)
Stlth  +.........               (no ring)
                                k - -3 ring of protection (curse)

@: not resistant to hostile enchantments, very unstealthy
A: no food or potions, fire vulnerability, restore body, cold resistance 1,
negative energy resistance 3, poison resistance, torment resistance, unbreathing
a: no special abilities


You were on level 5 of the Dungeon.
You were not hungry.

You visited 1 branch of the dungeon, and saw 5 of its levels.

You collected 145 gold pieces.


Innate Abilities, Weirdness & Mutations

You do not eat or drink.
Your flesh is vulnerable to fire.
Your flesh is cold resistant.
You are immune to negative energy.
Your system is resistant to poisons.
You are immune to unholy pain and torment.
You can survive without breathing.


   Skills:
 + Level 4.8 Fighting
 - Level 0.7 Short Blades
 - Level 1.5 Dodging
 - Level 0.7 Stealth
 - Level 2.4 Evocations


You had 3 spell levels left.
You didn't know any spells.

Inventory:

Hand weapons
 a - a +2 dagger of venom (weapon)
 b - a +0 short sword
Missiles
 h - 96 stones (quivered)
Armour
 e - a +0 leather armour (worn)
Jewellery
 k - a cursed -3 ring of protection (left hand)
Magical devices
 c - a wand of enslavement (15)
 d - a wand of random effects (15)
 i - a wand of flame (15)
Scrolls
 f - a scroll of immolation {!r}
 g - 2 scrolls of fog {unknown}
 j - 4 scrolls of identify {@r1}
 l - a scroll of noise {unknown}

Dungeon Overview and Level Annotations

Branches:
Dungeon (5/15)
 Temple: D:4-7

Altars:
Kikubaaqudgha
Okawaru
Trog
The Shining One

Annotations:
D:3 Gronka's ghost, average HuFi

. .(( .((#
.#########(((#
#.........(...###
#.()MZ.....£#
#######.##...


You could see an adder zombie.


Message History

You throw a stone.
The stone closely misses the adder zombie.
Throwing (i - inventory):
h - 100 stones (quivered)
Aim: an adder zombie You throw a stone.
The stone hits the adder zombie but does no damage.
Throwing (i - inventory):
h - 99 stones (quivered)
Aim: an adder zombie You throw a stone.
The stone hits the adder zombie.
Throwing (i - inventory):
h - 98 stones (quivered)
Aim: an adder zombie You throw a stone.
The stone closely misses the adder zombie.
Throwing (i - inventory):
h - 97 stones (quivered)
Aim: an adder zombie You throw a stone.
The stone hits the adder zombie.
The adder zombie bites you.
* * * LOW HITPOINT WARNING * * *
You hit the adder zombie. The adder zombie closely misses you.
You barely miss the adder zombie. The adder zombie bites you.
* * * LOW HITPOINT WARNING * * *
You hit the adder zombie. The adder zombie bites you.
* * * LOW HITPOINT WARNING * * *
You barely miss the adder zombie. The adder zombie bites you.
* * * LOW HITPOINT WARNING * * *
You barely miss the adder zombie. The adder zombie bites you.
* * * LOW HITPOINT WARNING * * *
You hit the adder zombie. The adder zombie bites you.
* * * LOW HITPOINT WARNING * * *
You barely miss the adder zombie. The adder zombie bites you.
You die...

Action                   |  1- 3 |  4- 6 || total
-------------------------+-------+-------++-------
Melee: Short sword       |   193 |    31 ||   224
       Dagger            |       |    29 ||    29
Throw: Stone             |    55 |    61 ||   116
  Use: Scroll            |     2 |     2 ||     4

Vault maps used:
D:1:      minmay_arrival_four_loops, serial_co_window_serial, co_window_paths_b,
          co_window_paths_a, co_window_paths_a, co_window_cross_1,
          co_window_paths_b, co_window_unsneaky_path_a,
          co_window_of_opportunity_b, co_window_2corner, co_window_corner_cb,
          glass_columns_b, glass_columns_a, glass_columns_b, st_stairs_13
D:2:      tso_altar
D:3:      old_standard_altar, bloody_trog
D:4:      wad_woods_pond, overflow_temple_1_default, lemuel_round_altar
D:5:      first_bread, uniq_iyjb

Notes
Turn   | Place    | Note
--------------------------------------------------------------
     0 | D:1      | MarvinPA, the Mummy Artificer, began the quest for the Orb.
     0 | D:1      | Reached XP level 1. HP: 15/15 MP: 1/1
   413 | D:1      | Reached skill level 2 in Fighting
   452 | D:1      | Reached XP level 2. HP: 19/22 MP: 2/2
  1624 | D:2      | Reached skill level 3 in Fighting
  1734 | D:2      | Reached XP level 3. HP: 14/29 MP: 4/4
  2546 | D:2      | Reached skill level 4 in Fighting
  2546 | D:2      | Reached XP level 4. HP: 25/37 MP: 5/5
  2919 | D:2      | Found a glowing golden altar of the Shining One.
  3183 | D:3      | Found a bloodstained altar of Trog.
  3301 | D:3      | Found an iron altar of Okawaru.
  3346 | D:3      | Noticed Gronka's ghost (average HuFi)
  3709 | D:4      | Found an ancient bone altar of Kikubaaqudgha.
  3913 | D:5      | Entered Level 5 of the Dungeon
  4010 | D:5      | HP: 3/38 [adder zombie (2)]
  4012 | D:5      | Slain by an adder zombie

Vanquished Creatures
  An orc wizard (D:4)
  4 adders
  3 worms
  4 oozes
  An orc (D:4)
  3 ball pythons
  A bat skeleton (D:4)
  3 giant cockroaches
  6 goblins
  5 hobgoblins
  7 bats
  A giant gecko (D:1)
  5 giant newts
  5 kobolds
  2 rats
51 creatures vanquished.
